Devils vs RedWings

Created - 17 novembre 2020 at 21:15

Goals
1 2 3 T
Devils 0 1 1 2
RedWings 0 0 1 1
Shots
1 2 3 T
Devils 5 4 16 25
RedWings 8 7 7 22

1st period

No Goal

Penalties :
John Carlson (DET) for Tripping (Minor) at 0:20, Justin Schultz (NJD) for Cross-checking (Minor) at 3:31, Gustav Lindstrom (DET) for High sticking (Minor) at 6:35, Jordan Szwarz (DET) for Hooking (Minor) at 10:56

2nd period

1. Devils , Travis Konecny 3 (Cale Makar 5, Mikhail Sergachev 3) at 7:03

Penalties :
T.J. Oshie (NJD) for Hooking (Minor) at 4:30, Mikhail Sergachev (NJD) for High sticking (Minor) at 12:34

3rd period

2. RedWings , David Pastrnak 3 (Erik Karlsson 4, John Carlson 6) at 6:24 (PP)
3. Devils , Chris Kreider 4 (Nicklas Backstrom 8, T.J. Oshie 5) at 9:02

Penalties :
Justin Schultz (NJD) for Hooking (Minor) at 5:14, Dennis Gilbert (DET) for Hooking (Minor) at 9:22

Goalie Stats

Jordan Binnington (NJD), 21 saves from 22 shots - (0,955), W, 3-1-1, 60:00 minutes
John Gibson (DET), 23 saves from 25 shots - (0,920), L, 2-6-1, 59:01 minutes

Players Stats for Devils

Player Name              G  A  P  +/- PIM S  H  SB GA TA FO     MP     PP MP  PK MP  
------------------------------------------------------------------------------------
Brian Boyle              0  0  0   0  0   0  0  0  0  0  8/17   17:47   0:00   4:49 
Bryan Little             0  0  0   0  0   0  0  0  0  0  1/7     8:11   0:00   2:18 
Cale Makar               0  1  1   2  0   1  1  0  0  0  0/0    19:54   3:58   1:53 
Chris Kreider            1  0  1   1  0   3  3  0  0  0  1/1    17:06   3:54   0:08 
Damon Severson           0  0  0   0  0   1  1  1  0  0  0/0    21:30   3:14   3:02 
Justin Schultz           0  0  0   0  4   1  2  2  0  0  0/0    18:23   0:33   2:12 
Mathieu Joseph           0  0  0   0  0   2  1  0  0  0  0/0     6:45   0:00   0:00 
Mike Hoffman             0  0  0   1  0   2  3  1  0  0  1/2    17:04   4:02   0:00 
Mikhail Sergachev        0  1  1   2  2   0  3  0  0  0  0/0    18:00   3:58   0:00 
Nicklas Backstrom        0  1  1   1  0   2  1  0  0  0  9/18   16:58   3:54   0:00 
Niklas Hjalmarsson       0  0  0   0  0   0  3  2  0  0  0/0    19:43   0:44   4:05 
Pavel Zacha              0  0  0   0  0   0  0  0  0  0  0/1    17:47   0:00   4:49 
Rocco Grimaldi           0  0  0   0  0   1  0  0  0  0  0/0    12:58   0:00   0:00 
Ryan Suter               0  0  0   0  0   3  1  4  0  0  0/0    22:27   3:25   3:02 
Sam Reinhart             0  0  0   1  0   2  2  0  0  0  3/16   16:12   4:02   0:00 
T.J. Oshie               0  1  1   1  2   2  0  0  0  0  0/0    17:49   3:54   0:00 
Travis Konecny           1  0  1   1  0   4  2  0  0  0  0/0    16:12   4:02   0:00 
Zack Smith               0  0  0   0  0   1  1  0  0  0  0/0     8:03   0:00   2:10 

Players Stats for RedWings

Player Name              G  A  P  +/- PIM S  H  SB GA TA FO     MP     PP MP  PK MP  
------------------------------------------------------------------------------------
Andrew Cogliano          0  0  0  -1  0   1  2  0  0  0  2/2    13:46   3:36   2:42 
Brayden Schenn           0  0  0  -1  0   3  1  0  0  0  13/15  16:15   2:47   1:43 
Brett Howden             0  0  0   0  0   1  1  1  0  0  0/0    12:29   0:00   3:53 
David Pastrnak           1  0  1   0  0   3  0  0  0  0  0/1    20:39   3:31   0:00 
Dennis Gilbert           0  0  0   0  2   0  3  1  0  0  0/0    16:22   0:00   2:43 
Erik Haula               0  0  0  -1  0   3  0  0  0  0  3/7    15:41   3:36   0:20 
Erik Karlsson            0  1  1  -2  0   0  0  1  0  0  0/0    23:06   3:12   3:48 
Filip Forsberg           0  0  0   0  0   3  1  0  0  0  0/0    20:59   3:31   0:20 
Frans Nielsen            0  0  0   0  0   1  0  1  0  0  4/9    12:04   0:44   2:44 
Gustav Lindstrom         0  0  0  -1  2   0  1  1  0  0  0/0    17:09   0:44   1:49 
Jake Gardiner            0  0  0   0  0   0  1  1  0  0  0/0    21:12   3:11   3:28 
John Carlson             0  1  1  -1  2   2  0  0  0  0  0/0    23:13   3:12   3:22 
Jordan Szwarz            0  0  0   0  2   0  0  0  0  0  0/0     8:35   0:00   0:00 
Kyle Brodziak            0  0  0  -1  0   0  0  0  0  0  6/13   11:38   0:00   4:10 
Nick Jensen              0  0  0   0  0   0  0  0  0  0  0/0    18:55   3:55   0:42 
Patric Hornqvist         0  0  0  -1  0   1  1  0  0  0  1/1    15:21   3:36   0:00 
Ryan Hartman             0  0  0  -1  0   0  0  0  0  0  0/0     7:28   0:00   0:00 
Sean Monahan             0  0  0   0  0   4  0  0  0  0  10/14  17:08   0:00   0:00 

3 Stars

1 - Chris Kreider (NJD)
2 - Travis Konecny (NJD)
3 - Cale Makar (NJD)

Power Play

Devils - 0 on 4 Attempt(s) - 0,00%
RedWings - 1 on 4 Attempt(s) - 25,00%

Penalty Kill

Devils - 3 on 4 Attempt(s) - 75,00% - Score 0 goal in Penalty Kill
RedWings - 4 on 4 Attempt(s) - 100,00% - Score 0 goal in Penalty Kill

Team Stat

Devils - Hits : 24 - Faceoff Wins : 23 - Blocked Shots : 10 - Penalty Minutes : 8
RedWings - Hits : 11 - Faceoff Wins : 39 - Blocked Shots : 6 - Penalty Minutes : 8

Official

Referees : Graham Skilliter and Brian Pochmara
Linesman : Travis Toomey and Colin Gates

Game Notes

No Game Note

Finance

Level 1 -- Attendance: 6217 (95,65%) -- Ticket Income 696 304 $
Level 2 -- Attendance: 5000 (100,00%) -- Ticket Income 410 000 $
Level 3 -- Attendance: 2924 (83,54%) -- Ticket Income 204 680 $
Level 4 -- Attendance: 2903 (72,09%) -- Ticket Income 116 120 $
Luxury Box -- Attendance: 868 (86,80%) -- Ticket Income 195 300 $
Game was played at the Joe Louis Arena.
Total Attendance: 17912 (89,44%)
Total Ticket Income: 1 622 404 $
Other Income: 794 978 $
Total Income: 2 417 382 $

% Time on Ice - Devils

Lines # - Real PCT - Wanted PCT - Time Play
Normal Forward
1 - 30% - 33% - 13:04
2 - 28% - 32% - 12:10
3 - 29% - 32% - 12:58
4 - 13% - 3% - 5:53
Normal Defense
1 - 33% - 32% - 14:22
2 - 32% - 32% - 14:03
3 - 34% - 31% - 14:54
4 - 2% - 5% - 0:46
PP Forward
1 - 49% - 60% - 3:54
2 - 51% - 40% - 4:02
PP Defense
1 - 50% - 60% - 3:58
2 - 50% - 40% - 3:58
PK Forward
1 - 70% - 60% - 4:57
2 - 30% - 40% - 2:10
PK Defense
1 - 57% - 60% - 4:05
2 - 43% - 40% - 3:02
PK3 Forward
1 - 0% - 60%
2 - 0% - 40%
PK3 Defense
1 - 0% - 60%
2 - 0% - 40%
44 Forward
1 - 0% - 60%
2 - 0% - 40%
44 Defense
1 - 0% - 60%
2 - 0% - 40%
Last Minute Offensive  - 0:00
Last Minute Defensive  - 0:52
Total
Forward - 60:00
Defense - 60:00

% Time on Ice - RedWings

Lines # - Real PCT - Wanted PCT - Time Play
Normal Forward
1 - 37% - 40% - 16:16
2 - 27% - 30% - 11:45
3 - 17% - 20% - 7:28
4 - 20% - 10% - 8:36
Normal Defense
1 - 33% - 40% - 14:33
2 - 32% - 30% - 13:59
3 - 32% - 20% - 14:18
4 - 3% - 10% - 1:15
PP Forward
1 - 49% - 60% - 3:31
2 - 51% - 40% - 3:36
PP Defense
1 - 45% - 60% - 3:12
2 - 55% - 40% - 3:55
PK Forward
1 - 66% - 60% - 5:14
2 - 34% - 40% - 2:42
PK Defense
1 - 52% - 60% - 4:06
2 - 48% - 40% - 3:50
PK3 Forward
1 - 0% - 60%
2 - 0% - 40%
PK3 Defense
1 - 0% - 60%
2 - 0% - 40%
44 Forward
1 - 0% - 60%
2 - 0% - 40%
44 Defense
1 - 0% - 60%
2 - 0% - 40%
Last Minute Offensive  - 0:52
Last Minute Defensive  - 0:00
Total
Forward - 60:00
Defense - 60:00

Play-by-Play

1st period


0:01 of 1st period - Sean Monahan wins face-off versus Nicklas Backstrom in neutral zone.
0:01 of 1st period - John Carlson is hit by Nicklas Backstrom.
0:03 of 1st period - Shot by David Pastrnak.
0:03 of 1st period - Shot Blocked by Ryan Suter.
0:20 of 1st period - Minor Penalty to John Carlson for Tripping.
0:21 of 1st period - Kyle Brodziak wins face-off versus Sam Reinhart in RedWings zone.
0:37 of 1st period - Ryan Suter is hit by Dennis Gilbert and loses puck.
1:22 of 1st period - Jake Gardiner is hit by Chris Kreider and loses puck.
1:41 of 1st period - Shot by Damon Severson.
1:41 of 1st period - Stopped by John Gibson without a rebound.
1:42 of 1st period - Chris Kreider wins face-off versus Kyle Brodziak in RedWings zone.
2:33 of 1st period - Shot by Filip Forsberg.
2:33 of 1st period - Stopped by Jordan Binnington without a rebound.
2:34 of 1st period - Brayden Schenn wins face-off versus Bryan Little in Devils zone.
2:43 of 1st period - Shot by Patric Hornqvist.
2:43 of 1st period - Stopped by Jordan Binnington with a rebound.
2:45 of 1st period - Shot by Patric Hornqvist.
2:45 of 1st period - Deflect By Brayden Schenn.
2:45 of 1st period - Stopped by Jordan Binnington without a rebound.
2:46 of 1st period - Sean Monahan wins face-off versus Sam Reinhart in Devils zone.
2:58 of 1st period - Filip Forsberg is hit by Justin Schultz and loses puck.
3:05 of 1st period - Shot by David Pastrnak.
3:05 of 1st period - Shot Blocked by Ryan Suter.
3:07 of 1st period - Shot by Filip Forsberg.
3:07 of 1st period - Shot Misses the Net.
3:09 of 1st period - Shot by Dennis Gilbert.
3:09 of 1st period - Deflect By Sean Monahan.
3:09 of 1st period - Stopped by Jordan Binnington with a rebound.
3:31 of 1st period - Minor Penalty to Justin Schultz for Cross-checking.
3:32 of 1st period - Brian Boyle wins face-off versus Erik Haula in Devils zone.
4:13 of 1st period - Shot by Erik Haula.
4:13 of 1st period - Stopped by Jordan Binnington without a rebound.
4:14 of 1st period - Brayden Schenn wins face-off versus Bryan Little in Devils zone.
4:21 of 1st period - Shot by Filip Forsberg.
4:21 of 1st period - Stopped by Jordan Binnington without a rebound.
4:22 of 1st period - Brayden Schenn wins face-off versus Bryan Little in Devils zone.
4:29 of 1st period - Shot by Jake Gardiner.
4:29 of 1st period - Shot Blocked by Niklas Hjalmarsson.
6:25 of 1st period - Damon Severson is hit by Gustav Lindstrom and loses puck.
6:35 of 1st period - Minor Penalty to Gustav Lindstrom for High sticking.
6:36 of 1st period - Kyle Brodziak wins face-off versus Sam Reinhart in RedWings zone.
6:36 of 1st period - Kyle Brodziak is hit by Travis Konecny.
6:57 of 1st period - Shot by Sam Reinhart.
6:57 of 1st period - Shot Blocked by Jake Gardiner.
8:02 of 1st period - Shot by Mike Hoffman.
8:02 of 1st period - Stopped by John Gibson without a rebound.
8:03 of 1st period - Sam Reinhart wins face-off versus Frans Nielsen in RedWings zone.
8:04 of 1st period - Shot by Ryan Suter.
8:04 of 1st period - Shot Misses the Net.
8:53 of 1st period - Shot by David Pastrnak.
8:53 of 1st period - Shot Misses the Net.
8:55 of 1st period - Shot by Sean Monahan.
8:55 of 1st period - Stopped by Jordan Binnington without a rebound.
8:56 of 1st period - Kyle Brodziak wins face-off versus Bryan Little in Devils zone.
9:07 of 1st period - Shot by Ryan Hartman.
9:07 of 1st period - Deflect By Andrew Cogliano.
9:07 of 1st period - Shot Misses the Net.
9:45 of 1st period - Shot by Rocco Grimaldi.
9:45 of 1st period - Stopped by John Gibson with a rebound.
10:03 of 1st period - Icing by Justin Schultz.
10:04 of 1st period - Brayden Schenn wins face-off versus Brian Boyle in Devils zone.
10:09 of 1st period - Shot by Erik Haula.
10:09 of 1st period - Shot Blocked by Niklas Hjalmarsson.
10:11 of 1st period - Shot by Erik Haula.
10:11 of 1st period - Shot Misses the Net.
10:43 of 1st period - Shot by Brayden Schenn.
10:43 of 1st period - Shot Blocked by Justin Schultz.
10:56 of 1st period - Minor Penalty to Jordan Szwarz for Hooking.
10:57 of 1st period - Kyle Brodziak wins face-off versus Nicklas Backstrom in RedWings zone.
13:12 of 1st period - Sean Monahan is hit by Justin Schultz and loses puck.
13:17 of 1st period - Shot by Sean Monahan.
13:17 of 1st period - Shot Misses the Net.
13:19 of 1st period - Shot by Filip Forsberg.
13:19 of 1st period - Shot Misses the Net.
14:13 of 1st period - Ryan Suter is hit by Andrew Cogliano and loses puck.
14:28 of 1st period - Off-side.
14:29 of 1st period - Sam Reinhart wins face-off versus Frans Nielsen in neutral zone.
14:32 of 1st period - Erik Karlsson is hit by Mike Hoffman and loses puck.
14:51 of 1st period - Jordan Szwarz is hit by Travis Konecny and loses puck.
14:59 of 1st period - Off-side.
15:00 of 1st period - Sean Monahan wins face-off versus Nicklas Backstrom in neutral zone.
15:00 of 1st period - David Pastrnak is hit by Chris Kreider and loses puck.
15:11 of 1st period - Shot by T.J. Oshie.
15:11 of 1st period - Shot Blocked by Dennis Gilbert.
15:17 of 1st period - Shot by Chris Kreider.
15:17 of 1st period - Shot Misses the Net.
15:19 of 1st period - Shot by Chris Kreider.
15:19 of 1st period - Stopped by John Gibson with a rebound.
15:29 of 1st period - Shot by Nicklas Backstrom.
15:29 of 1st period - Shot Misses the Net.
15:31 of 1st period - Shot by Nicklas Backstrom.
15:31 of 1st period - Shot Misses the Net.
16:31 of 1st period - Shot by Sam Reinhart.
16:31 of 1st period - Shot Misses the Net.
16:48 of 1st period - Shot by Sam Reinhart.
16:48 of 1st period - Shot Misses the Net.
16:50 of 1st period - Shot by Damon Severson.
16:50 of 1st period - Shot Misses the Net.
17:28 of 1st period - Shot by Zack Smith.
17:28 of 1st period - Stopped by John Gibson without a rebound.
17:29 of 1st period - Nicklas Backstrom wins face-off versus Kyle Brodziak in RedWings zone.
17:38 of 1st period - Shot by Nicklas Backstrom.
17:38 of 1st period - Shot Hit the Post.
18:04 of 1st period - Shot by Ryan Hartman.
18:04 of 1st period - Shot Misses the Net.
18:06 of 1st period - Shot by John Carlson.
18:06 of 1st period - Stopped by Jordan Binnington with a rebound.
18:31 of 1st period - Icing by Damon Severson.
18:32 of 1st period - Frans Nielsen wins face-off versus Brian Boyle in Devils zone.
Goals for this period are 0 for Devils vs 0 for RedWings.
Shots for this period are 5 for Devils vs 8 for RedWings.

2nd period


0:01 of 2nd period - Brayden Schenn wins face-off versus Nicklas Backstrom in neutral zone.
0:08 of 2nd period - Shot by Erik Haula.
0:08 of 2nd period - Stopped by Jordan Binnington without a rebound.
0:09 of 2nd period - Sean Monahan wins face-off versus Mike Hoffman in Devils zone.
0:17 of 2nd period - Shot by Mike Hoffman.
0:17 of 2nd period - Stopped by John Gibson with a rebound.
0:47 of 2nd period - Shot by Travis Konecny.
0:47 of 2nd period - Shot Misses the Net.
1:04 of 2nd period - Icing by Damon Severson.
1:05 of 2nd period - Brayden Schenn wins face-off versus Nicklas Backstrom in Devils zone.
1:20 of 2nd period - Shot by Erik Haula.
1:20 of 2nd period - Shot Misses the Net.
1:37 of 2nd period - Patric Hornqvist is hit by Damon Severson and loses puck.
2:43 of 2nd period - Pavel Zacha is hit by Brett Howden and loses puck.
2:53 of 2nd period - Icing by John Carlson.
2:54 of 2nd period - Frans Nielsen wins face-off versus Sam Reinhart in RedWings zone.
3:14 of 2nd period - Brett Howden is hit by Mikhail Sergachev.
4:30 of 2nd period - Minor Penalty to T.J. Oshie for Hooking.
4:31 of 2nd period - Brayden Schenn wins face-off versus Brian Boyle in Devils zone.
5:13 of 2nd period - Icing by Andrew Cogliano.
5:14 of 2nd period - Bryan Little wins face-off versus Erik Haula in RedWings zone.
5:27 of 2nd period - Shot by Zack Smith.
5:27 of 2nd period - Shot Misses the Net.
6:55 of 2nd period - Shot by Travis Konecny.
6:55 of 2nd period - Stopped by John Gibson with a rebound.
7:03 of 2nd period - Shot by Travis Konecny.
7:03 of 2nd period - Goal by Travis Konecny - Devils : 1 - RedWings : 0.
7:04 of 2nd period - Nicklas Backstrom wins face-off versus Brayden Schenn in neutral zone.
7:07 of 2nd period - Shot by T.J. Oshie.
7:07 of 2nd period - Shot Misses the Net.
8:03 of 2nd period - Shot by Mathieu Joseph.
8:03 of 2nd period - Shot Misses the Net.
8:05 of 2nd period - Shot by Bryan Little.
8:05 of 2nd period - Deflect By Zack Smith.
8:05 of 2nd period - Shot Blocked by Brett Howden.
8:13 of 2nd period - Shot by Justin Schultz.
8:13 of 2nd period - Shot Misses the Net.
8:15 of 2nd period - Shot by Zack Smith.
8:15 of 2nd period - Deflect By Mathieu Joseph.
8:15 of 2nd period - Stopped by John Gibson with a rebound.
8:17 of 2nd period - Shot by Zack Smith.
8:17 of 2nd period - Shot Misses the Net.
8:21 of 2nd period - Shot by Zack Smith.
8:21 of 2nd period - Shot Misses the Net.
8:41 of 2nd period - Icing by Mikhail Sergachev.
8:42 of 2nd period - Sean Monahan wins face-off versus Pavel Zacha in Devils zone.
10:35 of 2nd period - Ryan Hartman is hit by Niklas Hjalmarsson and loses puck.
10:46 of 2nd period - Icing by Travis Konecny.
10:47 of 2nd period - Sean Monahan wins face-off versus Sam Reinhart in Devils zone.
11:11 of 2nd period - Sam Reinhart is hit by Dennis Gilbert and loses puck.
11:50 of 2nd period - Shot by John Carlson.
11:50 of 2nd period - Shot Blocked by Justin Schultz.
11:52 of 2nd period - Shot by Brett Howden.
11:52 of 2nd period - Stopped by Jordan Binnington without a rebound.
11:53 of 2nd period - Brayden Schenn wins face-off versus Nicklas Backstrom in Devils zone.
12:04 of 2nd period - Shot by Brayden Schenn.
12:04 of 2nd period - Stopped by Jordan Binnington without a rebound.
12:05 of 2nd period - Brian Boyle wins face-off versus Kyle Brodziak in Devils zone.
12:09 of 2nd period - Icing by Pavel Zacha.
12:10 of 2nd period - Sean Monahan wins face-off versus Brian Boyle in Devils zone.
12:11 of 2nd period - Shot by David Pastrnak.
12:11 of 2nd period - Stopped by Jordan Binnington without a rebound.
12:12 of 2nd period - Nicklas Backstrom wins face-off versus David Pastrnak in Devils zone.
12:18 of 2nd period - Off-side.
12:19 of 2nd period - Nicklas Backstrom wins face-off versus Sean Monahan in neutral zone.
12:24 of 2nd period - Shot by T.J. Oshie.
12:24 of 2nd period - Shot Misses the Net.
12:34 of 2nd period - Minor Penalty to Mikhail Sergachev for High sticking.
12:35 of 2nd period - Brian Boyle wins face-off versus Erik Haula in Devils zone.
13:07 of 2nd period - Shot by Erik Karlsson.
13:07 of 2nd period - Shot Misses the Net.
13:54 of 2nd period - Icing by Brayden Schenn.
13:55 of 2nd period - Brayden Schenn wins face-off versus Brian Boyle in RedWings zone.
14:00 of 2nd period - Shot by David Pastrnak.
14:00 of 2nd period - Stopped by Jordan Binnington without a rebound.
14:01 of 2nd period - Erik Haula wins face-off versus Bryan Little in Devils zone.
14:02 of 2nd period - Shot by John Carlson.
14:02 of 2nd period - Shot Misses the Net.
14:04 of 2nd period - Shot by Andrew Cogliano.
14:04 of 2nd period - Stopped by Jordan Binnington without a rebound.
14:05 of 2nd period - Brian Boyle wins face-off versus Erik Haula in Devils zone.
14:30 of 2nd period - Off-side.
14:31 of 2nd period - Brian Boyle wins face-off versus Brayden Schenn in neutral zone.
14:31 of 2nd period - Brian Boyle is hit by Filip Forsberg.
14:42 of 2nd period - Icing by Nick Jensen.
14:43 of 2nd period - Nicklas Backstrom wins face-off versus Frans Nielsen in RedWings zone.
14:44 of 2nd period - Shot by Chris Kreider.
14:44 of 2nd period - Shot Misses the Net.
15:19 of 2nd period - Shot by Brett Howden.
15:19 of 2nd period - Shot Blocked by Damon Severson.
15:38 of 2nd period - John Carlson is hit by Mikhail Sergachev.
16:05 of 2nd period - Shot by Filip Forsberg.
16:05 of 2nd period - Shot Blocked by Mike Hoffman.
16:49 of 2nd period - Patric Hornqvist is hit by Niklas Hjalmarsson and loses puck.
17:22 of 2nd period - Ryan Hartman is hit by Zack Smith and loses puck.
18:50 of 2nd period - Shot by Sean Monahan.
18:50 of 2nd period - Stopped by Jordan Binnington with a rebound.
19:50 of 2nd period - Erik Haula is hit by Mike Hoffman and loses puck.
19:54 of 2nd period - Off-side.
19:55 of 2nd period - Brian Boyle wins face-off versus Kyle Brodziak in neutral zone.
Goals for this period are 1 for Devils vs 0 for RedWings.
Shots for this period are 4 for Devils vs 7 for RedWings.

3rd period


0:01 of 3rd period - Sean Monahan wins face-off versus Brian Boyle in neutral zone.
1:21 of 3rd period - Shot by Travis Konecny.
1:21 of 3rd period - Stopped by John Gibson with a rebound.
1:23 of 3rd period - Shot by Mike Hoffman.
1:23 of 3rd period - Deflect By Sam Reinhart.
1:23 of 3rd period - Stopped by John Gibson with a rebound.
1:25 of 3rd period - Shot by Sam Reinhart.
1:25 of 3rd period - Shot Misses the Net.
1:48 of 3rd period - Chris Kreider is hit by Patric Hornqvist.
1:56 of 3rd period - Shot by Nicklas Backstrom.
1:56 of 3rd period - Deflect By T.J. Oshie.
1:56 of 3rd period - Stopped by John Gibson without a rebound.
1:57 of 3rd period - Andrew Cogliano wins face-off versus Bryan Little in RedWings zone.
1:57 of 3rd period - Andrew Cogliano is hit by Mathieu Joseph.
2:30 of 3rd period - Kyle Brodziak is hit by Cale Makar and loses puck.
3:02 of 3rd period - Shot by Patric Hornqvist.
3:02 of 3rd period - Deflect By Brayden Schenn.
3:02 of 3rd period - Shot Misses the Net.
3:38 of 3rd period - Jordan Szwarz is hit by Niklas Hjalmarsson and loses puck.
3:58 of 3rd period - Icing by Nick Jensen.
3:59 of 3rd period - Nicklas Backstrom wins face-off versus Frans Nielsen in RedWings zone.
4:02 of 3rd period - Shot by T.J. Oshie.
4:02 of 3rd period - Shot Blocked by Frans Nielsen.
4:10 of 3rd period - Shot by Nicklas Backstrom.
4:10 of 3rd period - Stopped by John Gibson without a rebound.
4:11 of 3rd period - Andrew Cogliano wins face-off versus Sam Reinhart in RedWings zone.
4:33 of 3rd period - Shot by John Carlson.
4:33 of 3rd period - Shot Blocked by Ryan Suter.
4:37 of 3rd period - Shot by Kyle Brodziak.
4:37 of 3rd period - Shot Blocked by Ryan Suter.
4:39 of 3rd period - Shot by John Carlson.
4:39 of 3rd period - Stopped by Jordan Binnington without a rebound.
4:40 of 3rd period - Sean Monahan wins face-off versus Nicklas Backstrom in Devils zone.
5:07 of 3rd period - Shot by David Pastrnak.
5:07 of 3rd period - Shot Hit the Post.
5:14 of 3rd period - Minor Penalty to Justin Schultz for Hooking.
5:15 of 3rd period - Erik Haula wins face-off versus Brian Boyle in Devils zone.
5:18 of 3rd period - Shot by Erik Haula.
5:18 of 3rd period - Stopped by Jordan Binnington without a rebound.
5:19 of 3rd period - Erik Haula wins face-off versus Brian Boyle in Devils zone.
6:13 of 3rd period - Cale Makar is hit by Brayden Schenn and loses puck.
6:24 of 3rd period - Shot by David Pastrnak.
6:24 of 3rd period - Goal by David Pastrnak - Devils : 1 - RedWings : 1.
6:25 of 3rd period - Frans Nielsen wins face-off versus Sam Reinhart in neutral zone.
6:39 of 3rd period - Frans Nielsen is hit by Ryan Suter and loses puck.
6:44 of 3rd period - Shot by Frans Nielsen.
6:44 of 3rd period - Stopped by Jordan Binnington without a rebound.
6:45 of 3rd period - Nicklas Backstrom wins face-off versus Sean Monahan in Devils zone.
6:52 of 3rd period - Shot by David Pastrnak.
6:52 of 3rd period - Shot Misses the Net.
7:12 of 3rd period - Shot by Filip Forsberg.
7:12 of 3rd period - Stopped by Jordan Binnington without a rebound.
7:13 of 3rd period - Brayden Schenn wins face-off versus Sam Reinhart in Devils zone.
7:28 of 3rd period - Shot by Justin Schultz.
7:28 of 3rd period - Shot Blocked by Gustav Lindstrom.
7:36 of 3rd period - Shot by Travis Konecny.
7:36 of 3rd period - Shot Misses the Net.
7:38 of 3rd period - Shot by Justin Schultz.
7:38 of 3rd period - Stopped by John Gibson without a rebound.
7:39 of 3rd period - Brian Boyle wins face-off versus Sean Monahan in RedWings zone.
7:59 of 3rd period - Brian Boyle is hit by Jake Gardiner and loses puck.
9:00 of 3rd period - Shot by T.J. Oshie.
9:00 of 3rd period - Shot Blocked by Erik Karlsson.
9:02 of 3rd period - Shot by Nicklas Backstrom.
9:02 of 3rd period - Deflect By Chris Kreider.
9:02 of 3rd period - Goal by Chris Kreider - Devils : 2 - RedWings : 1.
9:03 of 3rd period - Sam Reinhart wins face-off versus Kyle Brodziak in neutral zone.
9:03 of 3rd period - Travis Konecny is hit by Andrew Cogliano and loses puck.
9:13 of 3rd period - Icing by Nick Jensen.
9:14 of 3rd period - Kyle Brodziak wins face-off versus Nicklas Backstrom in RedWings zone.
9:22 of 3rd period - Minor Penalty to Dennis Gilbert for Hooking.
9:23 of 3rd period - Nicklas Backstrom wins face-off versus Kyle Brodziak in RedWings zone.
9:58 of 3rd period - Shot by Ryan Suter.
9:58 of 3rd period - Stopped by John Gibson with a rebound.
10:00 of 3rd period - Shot by Ryan Suter.
10:00 of 3rd period - Stopped by John Gibson with a rebound.
10:02 of 3rd period - Shot by Cale Makar.
10:02 of 3rd period - Stopped by John Gibson without a rebound.
10:03 of 3rd period - Kyle Brodziak wins face-off versus Sam Reinhart in RedWings zone.
10:03 of 3rd period - Kyle Brodziak is hit by Sam Reinhart.
11:16 of 3rd period - Shot by Ryan Suter.
11:16 of 3rd period - Deflect By T.J. Oshie.
11:16 of 3rd period - Stopped by John Gibson without a rebound.
11:17 of 3rd period - Brayden Schenn wins face-off versus Sam Reinhart in RedWings zone.
11:35 of 3rd period - Pavel Zacha is hit by Dennis Gilbert and loses puck.
12:48 of 3rd period - Icing by Niklas Hjalmarsson.
12:49 of 3rd period - Brian Boyle wins face-off versus Kyle Brodziak in Devils zone.
13:03 of 3rd period - Jake Gardiner is hit by Mikhail Sergachev and loses puck.
13:14 of 3rd period - Shot by Sam Reinhart.
13:14 of 3rd period - Stopped by John Gibson without a rebound.
13:15 of 3rd period - Sean Monahan wins face-off versus Nicklas Backstrom in RedWings zone.
13:15 of 3rd period - Sean Monahan is hit by Chris Kreider.
13:44 of 3rd period - Shot by Ryan Suter.
13:44 of 3rd period - Stopped by John Gibson without a rebound.
13:45 of 3rd period - Patric Hornqvist wins face-off versus Sam Reinhart in RedWings zone.
13:45 of 3rd period - John Carlson is hit by Sam Reinhart and loses puck.
14:26 of 3rd period - Shot by Travis Konecny.
14:26 of 3rd period - Stopped by John Gibson with a rebound.
16:03 of 3rd period - Shot by Mathieu Joseph.
16:03 of 3rd period - Stopped by John Gibson without a rebound.
16:04 of 3rd period - Frans Nielsen wins face-off versus Sam Reinhart in RedWings zone.
16:21 of 3rd period - Off-side.
16:22 of 3rd period - Brayden Schenn wins face-off versus Brian Boyle in neutral zone.
16:59 of 3rd period - Shot by Patric Hornqvist.
16:59 of 3rd period - Shot Misses the Net.
17:38 of 3rd period - Shot by Sean Monahan.
17:38 of 3rd period - Stopped by Jordan Binnington with a rebound.
18:18 of 3rd period - Off-side.
18:19 of 3rd period - Nicklas Backstrom wins face-off versus Frans Nielsen in neutral zone.
18:47 of 3rd period - Shot by Nicklas Backstrom.
18:47 of 3rd period - Stopped by John Gibson with a rebound.
18:49 of 3rd period - Shot by Chris Kreider.
18:49 of 3rd period - Stopped by John Gibson without a rebound.
18:50 of 3rd period - Brayden Schenn wins face-off versus Sam Reinhart in RedWings zone.
18:50 of 3rd period - Erik Haula is hit by Mike Hoffman and loses puck.
19:01 of 3rd period - RedWings, John Gibson is pulled from the net.
19:07 of 3rd period - Shot by Brayden Schenn.
19:07 of 3rd period - Stopped by Jordan Binnington without a rebound.
19:08 of 3rd period - Mike Hoffman wins face-off versus Sean Monahan in Devils zone.
Goals for this period are 1 for Devils vs 1 for RedWings.
Shots for this period are 16 for Devils vs 7 for RedWings.